AoeStats
← Carple

Black Forest

504336289Analyzed
4v4 RM · 28d ago on Sep 4, 2026· 40m 19s· 8 players
Game mode
Random Map
Map size
Large (8 player)
Population
200
Speed
Normal
Resources
Standard
Victory
Conquest
Starting age
Dark Age
Ending age
Imperial Age
RankedLock teamsTeams togetherTeam positionsShared explorationLock speedFull tech treeHidden civsTurbo modeCheats
Victory
Defeat
🇵🇪 Ethiopians · Peru
1118
+14
🇩🇪 Mongols · Germany
1054
+16
🇹🇷 Slavs · Türkiye
1024
+18
🇵🇪 Vikings · Peru
1001
+18
🇲🇽 Aztecs · Mexico
1114
-18
🇵🇪 Bohemians · Peru
1067
-17
🇺🇸 Aztecs · United States
1064
-17
🇨🇦 Spanish · Canada
997
-14
McLain40
0:58 Loom
15:01 Feudal Age
17:04 Double-Bit Axe
19:32 Castle Age
18:49 Horse Collar
20:25 Eagle Warrior
Carple
1:02 Loom
12:19 Feudal Age
12:49 Double-Bit Axe
12:47 Horse Collar
16:41 Gold Mining
18:59 Castle Age
17:23 Stone Mining
19:41 Husbandry
19:51 Bloodlines
19:58 Padded Archer Armor
19:50 Fletching
33:57 Imperial Age
Dylan-23
1:33 Loom
11:04 Feudal Age
12:39 Wheelbarrow
12:08 Double-Bit Axe
12:03 Horse Collar
18:42 Castle Age
19:35 Fletching
19:46 Padded Archer Armor
20:18 Bodkin Arrow
21:42 Chemistry
25:03 Leather Archer Armor
25:19 Ballistics
30:11 Hand Cart
32:02 Bow Saw
actions speak loudr than wololoo
7:22 Loom
13:05 Feudal Age
17:52 Castle Age
15:37 Horse Collar
16:28 Double-Bit Axe
20:03 Gold Mining
21:22 Redemption
25:32 Wheelbarrow
theDude
0:52 Loom
11:28 Feudal Age
12:52 Double-Bit Axe
15:38 Castle Age
15:09 Horse Collar
19:12 Fletching
23:51 Bodkin Arrow
25:05 Husbandry
28:57 Bloodlines
33:09 Imperial Age
31:10 Bow Saw
31:13 Town Watch
32:14 Ballistics
34:59 Wheelbarrow
34:43 Elite Skirmisher
36:35 Bracer
38:19 Conscription
39:03 Chemistry
thomas shelby
4:45 Loom
12:38 Feudal Age
14:12 Double-Bit Axe
20:06 Castle Age
18:05 Horse Collar
19:09 Scale Barding Armor
19:38 Gold Mining
21:51 Wheelbarrow
21:32 Bow Saw
21:44 Forging
22:29 Heavy Plow
25:36 Bloodlines
25:15 Town Watch
27:45 Hand Cart
28:11 Stone Mining
34:08 Imperial Age
32:00 Detinets
32:31 Town Patrol
34:33 Iron Casting
34:19 Chain Barding Armor
36:23 Blast Furnace
35:51 Husbandry
37:42 Plate Barding Armor
36:54 Elite Boyar
39:22 Conscription
41:40 Two-Man Saw
41:12 Crop Rotation
lord pingostini
0:35 Loom
14:44 Feudal Age
16:23 Double-Bit Axe
17:38 Horse Collar
20:22 Castle Age
20:20 Gold Mining
20:32 Man-at-Arms
23:34 Gambesons
27:29 Forging
27:15 Long Swordsman
32:42 Bow Saw
32:47 Padded Archer Armor
32:38 Fletching
33:26 Elite Skirmisher
39:25 Gold Shaft Mining
38:55 Heavy Plow
39:41 Leather Archer Armor
39:22 Bodkin Arrow
braysonyt
0:27 Loom
12:53 Feudal Age
16:55 Castle Age
15:09 Horse Collar
15:34 Double-Bit Axe
16:34 Town Watch
17:54 Heavy Plow
18:38 Bow Saw
26:44 Gold Mining
28:36 Scale Mail Armor
32:29 Gold Shaft Mining
31:48 Fletching
33:02 Squires
32:47 Arson
33:21 Forging
33:26 Chain Mail Armor
33:46 Ballistics
33:51 Crossbowman
35:35 Iron Casting
36:55 Wheelbarrow
36:43 Town Patrol
41:01 Imperial Age
40:12 Hand Cart
39:59 Padded Archer Armor
39:54 Bodkin Arrow
40:12 Masonry
39:56 Stone Mining
41:33 Stone Shaft Mining
Connection lost

Rejoining the realm…

Still unreachable

The connection could not be restored.

Session expired

The server has moved on; the page needs a fresh start.